 Dungeon Crawl Stone Soup version 0.26-a0-257-g47e9e61525 (webtiles) character file.

Game seed: 847351750022911328

91 Infinimo the Magician (level 4, -1/30 HPs)
             Began as a Mummy Fire Elementalist on July 10, 2020.
             Killed from afar by an orc wizard (7 damage)
             ... with a puff of flame
             ... on level 2 of the Dungeon.
             The game lasted 00:04:28 (3986 turns).

Infinimo the Magician (Mummy Fire Elementalist)     Turns: 3986, Time: 00:04:28

Health: -1/30      AC:  3    Str: 11    XL:     4   Next: 33%
Magic:  9/9        EV: 12    Int: 15    God:
Gold:   57         SH:  0    Dex: 12    Spells: 5/9 levels left

rFire    x . .     SeeInvis .   (no weapon)
rCold    + . .     Faith    .   (no shield)
rNeg     + + +     Spirit   .   a - +0 robe
rPois    ∞         Reflect  .   (no helmet)
rElec    .         Harm     .   (no cloak)
rCorr    .                      i - +0 pair of gloves
MR       .....                  (no boots)
Stlth    +.........             (no amulet)
HPRegen  0.10/turn              (no ring)
MPRegen  0.11/turn              (no ring)

@: confused
A: no food or potions, fire vulnerability, cold resistance 1, negative energy
resistance 3, torment resistance, unbreathing
a: no special abilities


You were on level 2 of the Dungeon.
You were not hungry.

You visited 1 branch of the dungeon, and saw 3 of its levels.

You collected 57 gold pieces.

Inventory:

Armour
 a - a +0 robe (worn)
 i - a +0 pair of gloves (worn)
Jewellery
 f - an uncursed amulet of regeneration {unknown}
 g - a cursed amulet of inaccuracy {unknown}
Scrolls
 b - 3 scrolls of identify
 c - a scroll of remove curse
 e - a scroll of amnesia
 h - a scroll of fog


   Skills:
 - Level 1.5 Dodging
 - Level 1.5 Stealth
 + Level 3.4 Spellcasting
 * Level 2.2 Conjurations
 * Level 3.3 Fire Magic


You had 5 spell levels left.
You knew the following spells:

 Your Spells              Type           Power        Failure   Level
a - Foxfire               Conj/Fire      ##..         6%          1
b - Conjure Flame         Conj/Fire      ##......     19%         3

Your spell library contained the following spells:

 Spells                   Type           Power        Failure   Level
 Inner Flame              Hex/Fire       #.......     28%         3
 Sticky Flame             Conj/Fire      ##......     52%         4
 Fireball                 Conj/Fire      ##........   86%         5


Dungeon Overview and Level Annotations

Branches:
Dungeon (3/15)

Altars:
Okawaru
Uskayaw


Innate Abilities, Weirdness & Mutations

You do not eat or drink.
Your flesh is vulnerable to fire.
You are immune to poison.
Your flesh is cold resistant. (rC+)
You are immune to negative energy. (rN+++)
You are immune to unholy pain and torment.
You can survive without breathing.


Message History

* * * LOW HITPOINT WARNING * * *
There is a stone staircase leading up here.
The orc hits you with a +0 flail.
* * * LOW HITPOINT WARNING * * *
Something hits you.
* * * LOW HITPOINT WARNING * * *
You climb upwards.
Reactivating autopickup.
There is a stone staircase leading down here.
Okay, then.
You can't drink.
Okay, then.
The orc wizard casts a spell at you.
You are confused.
You're too confused to move!
You bump into the rock wall.
You bump into the rock wall.
The orc wizard casts a spell at you. The puff of flame hits you!
The fire burns you terribly!
You die...

#.#######.#
#.#............##.##.
#.# #.#
#.#.#.#..##.......##.
#.# #.#
#.#.#.....#.########.
#.# #.###.#.###...#.#
#. #.#
#...............# #g
#.# #####.#[#####.#.#
#. #.# #.#.# #.#.# #.
#.# #.#.#####.#.# #.
#.# #...@.oo....# #.
#.# ###.#####.### ##
#.# #.#####.# #.####
#.#.....# #.##.##
#.#o##### #.#.#.##
#.#.## #..###.##
#.>o.###### #....##.#
#.........# ##.#.#.##
##...####.#


You could see an orc wizard and an orc.

Vanquished Creatures
  Terence (D:1)
  An adder (D:1)
  An ooze (D:3)
  A dart slug (D:2)
  4 orcs
  4 giant cockroaches
  6 goblins
  8 hobgoblins
  3 kobolds
  5 bats
  7 frilled lizards
  2 rats (D:1)
43 creatures vanquished.

Vanquished Creatures (others)
  216 foxfires
216 creatures vanquished.

Grand Total: 259 creatures vanquished

Notes
Turn   | Place    | Note
-------+----------+-------------------------------------------
     0 | D:1      | Infinimo the Mummy Fire Elementalist began the quest for
                  | the Orb.
     0 | D:1      | Reached XP level 1. HP: 13/13 MP: 4/4
   135 | D:1      | Reached skill level 1 in Conjurations
   433 | D:1      | Reached XP level 2. HP: 19/19 MP: 2/5
  1816 | D:2      | Reached XP level 3. HP: 24/24 MP: 1/7
  1874 | D:2      | Found a hide-covered altar of Uskayaw.
  2185 | D:2      | Noticed Terence
  2196 | D:2      | HP: 1/24 [goblin (1)]
  2614 | D:2      | Learned a level 3 spell: Conjure Flame
  3148 | D:3      | Found an iron altar of Okawaru.
  3552 | D:1      | Killed Terence
  3552 | D:1      | Reached XP level 4. HP: 11/30 MP: 3/9
  3986 | D:2      | Killed from afar by an orc wizard

Illustrated notes

Levels and vault maps discovered:
D:1:      lemuel_arrival_muddy, layout_loops_corners
D:2:      layout_loops_ring, eat_drink_and_be_merry_uskayaw, uniq_terence
D:3:      layout_basic, kennysheep_ying_yang, st_stairs_2, okawaru_trees_2

Skill      XL: |  1  2  3 |
---------------+----------+-----
Conjurations   | 1 2 |  2.2
Spellcasting   | 3 |  3.4
Fire Magic     | 3 |  3.3
Dodging        | |  1.5
Stealth        | |  1.5

Action                   |  1- 3 |  4- 6 || total
-------------------------+-------+-------++-------
Melee: Unarmed           |     6 |       ||     6
 Cast: Foxfire           |   132 |    10 ||   142
  Use: Scroll            |     6 |       ||     6
Armor: Robe              |    22 |     5 ||    27
Dodge: Dodged            |    75 |     6 ||    81

Table legend:
 A = Non-vault XP
 B = Vault XP
 C = Vault XP percentage of total XP
 D = Non-vault monster count
 E = Vault monster count
 F = Vault count percentage of total count
                 A         B        C        D         E       F
            +---------+---------+-------+---------+---------+-------
      Total |      90 |      40 |  30.8 |      40 |       3 |   7.0
            +---------+---------+-------+---------+---------+-------
        D:1 |      36 |      36 |  50.0 |      17 |       1 |   5.6
        D:2 |      33 |       0 |   0.0 |      16 |       0 |   0.0
        D:3 |      21 |       4 |  16.0 |       7 |       2 |  22.2
            +---------+---------+-------+---------+---------+-------
